wizbiz, neutral female human Wizard ------ |.....#### ------ |...%| # ---------------- |.....##########*##########..<..| ###|.....*.%......| |....| # ------ ---.-- #...............| |....| ####.....| ## |..............| |....| ##|....| # ---------------- |....| ##+)....## # ------ #------ # # # # ### # ### # # ---|-- # * ### |...>* ## ########## # |...%| # ----------.-- ---------------# ##-....| ----|------- |\..........| |.............|# ------ |......{..@h## |...........| |.............%# |...%.%....| # |...........| |.............| |.........[| ())|I.%)(......| --------------- ------------ #......).....| ------------- wizbiz the Thaumaturge Experience level: 6 Strength: 9 Dexterity: 14 Constitution: 11 Intelligence: 18 Wisdom: 10 Charisma: 11 Health: 0(47) Energy: 3(60) Def: 2 Gold: 832 Moves: 2849 Dungeon seed: oRRsFyf3witb5A-c Game ID: wizbiz_1526260703 Your Inventory: Coins $ - 832 gold pieces Amulets v - an uncursed amulet versus poison Weapons a - a blessed +2 quarterstaff (weapon in hands) p - a +0 orcish dagger z - a +0 sling Armor e - an uncursed +0 cloak of magic resistance (being worn) n - a cursed -1 pair of gauntlets of dexterity (being worn) q - an uncursed +0 orcish helm (being worn) Comestibles r - an uncursed cram ration t - an uncursed slime mold w - an uncursed pancake Scrolls k - a blessed scroll of magic mapping A - an uncursed scroll of destroy armor I - an uncursed scroll of create monster Spellbooks l - a blessed spellbook of force bolt m - an uncursed spellbook of haste self H - an uncursed spellbook of clairvoyance Potions f - 2 uncursed potions of water h - an uncursed potion of levitation o - an uncursed potion of gain energy C - an uncursed potion of speed G - an uncursed potion of object detection M - a cursed potion of healing O - an uncursed potion of restore ability Rings c - an uncursed ring of teleport control d - an uncursed ring of slow digestion (on left hand) F - a cursed ring of polymorph K - an uncursed ring of fire resistance Q - an uncursed ring of invisibility Wands b - a wand of light (0:11) Tools J - an uncursed stethoscope P - an uncursed lock pick Spells and supernatural/magical abilities: Name Level Category Fail Memory a - force bolt 1 attack 0% 86% v - clairvoyance 3 divination 86% 97% H - haste self 3 escape 86% 86% W - pray for help -- divine ? -- Your skills at the end: Fighting Skills Weapon Skills quarterstaff [Basic] Spellcasting Skills attack spells [Basic] enchantment spells [Basic] Final Attributes: You were piously aligned. You were magic-protected. You were going to confuse monsters. You had slower digestion. You were unlucky. You are dead. Vanquished creatures: a gnome king 5 bugbears a mountain nymph a rock piercer 4 gnome lords 2 gnomish wizards 2 straw golems a kitten 3 homunculi a kobold lord a kobold shaman 3 rothes a centipede a giant bat a killer bee an acid blob 3 coyotes a gas spore a hobbit 2 large kobolds 12 hobgoblins 12 giant rats a cave spider a green mold 2 gnomes a garter snake 3 geckos 3 jackals a fox 2 kobolds 2 goblins 3 sewer rats 4 grid bugs 5 lichens 2 kobold zombies 90 creatures vanquished. Voluntary challenges: You followed a strict vegan diet. You were an atheist. You used a wielded weapon 58 times, starting on turn 40. You read items or engraved 12 times, starting on turn 2. You never genocided any monsters. You never polymorphed an object. You never changed form. You used no wishes. You never split a pudding. You never wrote Elbereth's name. You violated your moral code, losing 39 points of alignment, starting on turn 1803. Dungeon overview: The Dungeons of Doom: levels 1 to 6 Level 1 some fountains a long staircase Level 2 Level 3 some fountains Level 4 some fountains stairs to The Gnomish Mines Level 5 a sink Level 6 <- You were here a fountain, a throne The Gnomish Mines: Level 5 stairs to The Dungeons of Doom History has recorded: On T:1 you entered the Dungeons of Doom to retrieve the Amulet of Yendor! On T:316 you reached level 2 of The Dungeons of Doom. On T:334 you advanced to experience level 2. On T:413 you reached level 3 of The Dungeons of Doom. On T:898 you advanced to experience level 3. On T:1007 you reached level 4 of The Dungeons of Doom. On T:1266 you reached level 1 of The Gnomish Mines. On T:1277 you advanced to experience level 4. On T:1575 you reached level 5 of The Dungeons of Doom. On T:1803 you advanced to experience level 5. On T:1986 you reached level 6 of The Dungeons of Doom. On T:2738 you advanced to experience level 6. Score breakdown: Gold: 832 ( 9935 points) Experience: 6 levels (12456 points) Exploration: 6 levels ( 11.76%) ( 9486 points) Discoveries: 18 items ( 6.27%) ( 7513 points) Valuables value: (no points given unless you survive) Artifact value: 0 ( 0 points) Variety of kills: 35 monsters ( 9.19%) ( 9092 points) Turncount: 2849 turns ( -523 points) Survival: died (score multiplied by 80%) Total score: 38367 Latest messages: You kill it! The hobgoblin picks up a thonged club. The spell hits the hobgoblin! You kill the hobgoblin! You displace your bugbear. The bugbear eats a gnome king corpse. The bugbear wields a thonged club! You hit the bugbear. The bugbear swings his thonged club. The bugbear hits! The bugbear swings his thonged club. The bugbear hits! The door resists! Never mind. As you read the scroll, it disappears. Your hands glow a brilliant red. The bugbear swings his thonged club. The bugbear hits! You die... Final status: Goodbye wizbiz the Wizard, killed by a bugbear... You died in The Dungeons of Doom on dungeon level 6 with 38367 points, and 832 pieces of gold, after 2849 moves. You were level 6 with a maximum of 47 hit points when you died.